Map: Washout LE

Players

Serral - Winner!

  • Race: Zerg Zerg
  • League: Master
  • Spawn Location: 1:00

Vaeda (HiGhDrA)

  • Race: Protoss Protoss
  • League: Master
  • Spawn Location: 7:00

Event: HomeStory Cup XXIX

VOD

Have the link to the VOD?

Description

Time

  • Played on: July 4, 2026, 6:25 a.m.
  • Length: 8:02

All games in this series

Show
View Real Time Build Order
Export as new Build Order

Serral Zerg - Winner!

Build Orders: Hatch First 

Get SALT Encoding   

  8  0:04  Drone  
  9  0:09  Drone  
  10  0:16  Drone  
  11  0:27  Overlord  
  11  0:32  Drone  
  12  0:45  Drone x2  
  14  0:54  Drone  
  15  1:09  Drone  
  16  1:15  Hatchery  
  15  1:19  Drone  
  15  1:24  Drone  
  17  1:34  Drone  
  17  1:38  Extractor  
  17  1:42  Spawning Pool  
  17  1:44  Drone  
  17  1:54  Drone  
  18  2:04  Drone  
  19  2:13  Overlord  
  19  2:24  Drone  
  19  2:29  Queen x2  
  24  2:32  Zergling x2  
  24  2:33  Zergling x2  
  26  2:40  Metabolic Boost  
  26  2:43  Drone  
  27  2:45  Drone  
  29  2:51  Drone  
  29  2:55  Drone  
  30  2:58  Drone  
  30  3:02  Overlord  
  31  3:16  Drone  
  31  3:17  Hatchery  
  31  3:19  Drone  
  32  3:24  Queen  
  34  3:28  Overlord  
  34  3:32  Drone  
  35  3:35  Drone x2  
  35  3:38  Drone x2  
  35  3:41  Drone  
  40  3:47  Queen  
  42  3:52  Overlord  
  42  3:53  Drone  
  44  3:55  Drone  
  44  3:57  Drone  
  44  4:00  Drone  
  46  4:05  Queen  
  48  4:10  Drone  
  48  4:11  Spore Crawler  
  48  4:18  Overlord, Drone x3  
  48  4:20  Drone  
  52  4:25  Zergling x2  
  52  4:27  Drone  
  54  4:32  Drone x3  
  54  4:35  Spore Crawler  
  54  4:37  Drone  
  57  4:40  Drone x2  
  57  4:41  Roach Warren  
  57  4:45  Drone x2  
  60  4:48  Overlord  
  60  4:50  Drone  
  61  4:54  Extractor  
  61  4:56  Lair  
  61  5:00  Zergling x6  
  61  5:04  Overlord  
  61  5:06  Drone x2  
  65  5:07  Drone  
  65  5:09  Overlord  
  66  5:14  Drone x2  
  66  5:15  Drone  
  66  5:18  Overlord  
  66  5:19  Drone x2  
  66  5:20  Extractor  
  70  5:27  Overlord  
  70  5:28  Drone x2  
  72  5:31  Extractor  
  72  5:33  Extractor  
  72  5:34  Drone  
  71  5:36  Overlord  
  71  5:39  Drone x5  
  76  5:44  Roach  
  76  5:46  Roach x2  
  76  5:47  Roach x4  
  90  5:53  Glial Reconstitution  
  90  5:59  Hatchery  
  90  6:00  Roach x2  
  92  6:06  Roach  
  92  6:07  Roach x2  
  98  6:11  Overlord  
  98  6:13  Evolution Chamber  
  98  6:16  Evolution Chamber  
  98  6:18  Roach x3  
  102  6:25  Overlord  
  103  6:29  Roach x4  
  103  6:30  Evolution Chamber  
  108  6:33  Overlord  
  107  6:41  Roach x5  
  107  6:46  Overlord x2  
  118  6:51  Roach x2  
  122  6:58  Roach x4  
  129  7:04  Evolution Chamber  
  129  7:07  Roach x4  
  134  7:15  Roach x5  
  145  7:21  Overlord  
  145  7:25  Roach x4  
  145  7:28  Overlord  
  151  7:31  Overlord  
  151  7:35  Roach x3  
  157  7:38  Overlord  
  157  7:40  Overlord  
  157  7:42  Roach  
Show
View Real Time Build Order
Export as new Build Order

Vaeda Protoss 

Build Orders: Zealot Archon 

Get SALT Encoding   

  8  0:00  Probe  
  9  0:12  Probe  
  10  0:24  Probe  
  11  0:30  Pylon  
  11  0:36  Probe  
  12  0:48  Probe (Chrono Boost)  
  13  0:56  Gateway  
  13  1:00  Probe (Chrono Boost)  
  14  1:07  Assimilator  
  14  1:08  Probe  
  15  1:20  Probe  
  17  1:32  Probe (Chrono Boost)  
  17  1:42  Probe (Chrono Boost)  
  18  1:47  Probe (Chrono Boost)  
  19  1:55  Nexus  
  19  2:07  Cybernetics Core  
  19  2:08  Probe  
  20  2:16  Pylon  
  20  2:20  Probe  
  21  2:24  Assimilator  
  21  2:34  Probe  
  22  2:41  Stalker (Chrono Boost)  
  24  2:46  Probe  
  25  2:57  Twilight Council  
  25  2:59  Probe (Chrono Boost)  
  25  3:03  Adept (Chrono Boost)  
  28  3:10  Probe (Chrono Boost)  
  30  3:17  Probe (Chrono Boost)  
  30  3:19  Probe (Chrono Boost)  
  31  3:20  Warp Gate  
  31  3:24  Probe x2 (Chrono Boost)  
  33  3:30  Resonating Glaives (Chrono Boost)  
  33  3:35  Probe  
  33  3:36  Probe  
  35  3:43  Pylon  
  35  3:47  Probe  
  35  3:48  Pylon, Probe  
  36  3:52  Gateway  
  37  3:59  Probe  
  37  4:00  Probe  
  39  4:08  Assimilator  
  39  4:11  Adept, Probe  
  39  4:13  Probe  
  43  4:23  Probe  
  44  4:25  Probe  
  44  4:26  Pylon  
  44  4:31  Gateway x2  
  45  4:33  Gateway x2  
  45  4:41  Probe x2  
  45  4:43  Pylon  
  47  5:00  Probe x2  
  47  5:03  Gateway  
  49  5:12  Probe x2  
  49  5:14  Nexus  
  51  5:23  Adept  
  51  5:25  Adept  
  51  5:26  Probe x2  
  57  5:35  Pylon x3  
  57  5:40  Adept  
  57  5:42  Adept  
  61  5:46  Adept x2  
  65  5:52  Pylon  
  65  5:57  Adept x2  
  69  6:08  Adept  
  69  6:09  Adept x2  
  69  6:10  Forge  
  75  6:15  Adept  
  75  6:17  Probe x2  
  79  6:25  Adept x2  
  83  6:26  Probe (Chrono Boost)  
  83  6:30  Probe (Chrono Boost)  
  86  6:33  Probe (Chrono Boost)  
  86  6:36  Templar Archives  
  86  6:38  Probe (Chrono Boost)  
  86  6:41  Probe (Chrono Boost)  
  86  6:42  Probe (Chrono Boost)  
  86  6:44  Probe (Chrono Boost)  
  78  6:49  Probe x2  
  78  6:54  Probe  
  79  7:01  Probe x2  
  79  7:04  Shield Battery  
  79  7:06  Probe, Pylon  
  78  7:12  Sentry, High Templar x2  
  78  7:13  High Templar, Probe  
  78  7:15  High Templar  
  83  7:18  Archon  
  83  7:19  Zealot  
  73  7:34  Shield Battery x2  
  73  7:35  Stalker, Shield Battery  
  74  7:42  Zealot, Robotics Facility  
Tags
 
Add a new tag
Caveats
  • Supply blocks, unpowered buildings, or Contaminate may cause inaccurate times.
  • Supply counts are checked every 10 seconds.